 Dungeon Crawl Stone Soup version 0.29-a0-838-g385bb11a5b (webtiles) character file.

Game seed: 6854859267232708369

1696 mathmaestro the Ruffian (level 8, -2/79 HPs)
             Began as a Troll Monk on July 13, 2022.
             Succumbed to a hornet's poison
             ... while paralysed by a hornet
             ... on level 6 of the Dungeon.
             The game lasted 00:09:12 (4807 turns).

mathmaestro the Ruffian (Troll Monk)                Turns: 4807, Time: 00:09:13

Health: -2/79      AC:  4    Str: 26    XL:     8   Next: 72%
Magic:  7/7        EV:  1    Int:  6    God:
Gold:   1025       SH:  0    Dex: 12    Spells: 7/7 levels left

rFire   + + .      SeeInvis .     - Unarmed
rCold   + + +      Faith    .   (no shield)
rNeg    . . .      Spirit   .   k - +0 robe of Defence {rC++ rCorr MP-9 Str+4}
rPois   .          Reflect  .   (helmet restricted)
rElec   .          Harm     .   u - scarf {rC+ rF+}
rCorr   +          Rampage  .   (gloves unavailable)
Will    .....                   (boots unavailable)
Stlth   ++........              (no amulet)
HPRegen 1.03/turn               j - ring of protection from fire
MPRegen 0.10/turn               t - ring of magical power

@: paralysed, lethally poisoned (-2 -> -14), flying, slowed
A: large, unfitting armour, claws 3, regeneration 1, shaggy fur 1, tough skin 1
a: no special abilities


You were on level 6 of the Dungeon.
You visited 2 branches of the dungeon, and saw 8 of its levels.

You collected 1025 gold pieces.

Inventory:

Hand Weapons
 i - a +5 hand axe of flaming
Missiles
 a - 6 javelins (quivered)
Armour
 k - the +0 robe of Defence (worn) {rC++ rCorr MP-9 Str+4}
   (You found it on level 2 of the Dungeon)

   Str:       It affects your strength (+4).
   rC:        It greatly protects you from cold.
   MP:        It affects your magic capacity (-9).
   rCorr:     It protects you from acid and corrosion.
 u - a scarf of resistance (worn)
Jewellery
 j - a ring of protection from fire (left claw)
 t - a ring of magical power (right claw)
 F - a ring of flight
Wands
 q - a wand of flame (26)
 E - a wand of iceblast (14)
Scrolls
 c - 3 scrolls of identify
 h - a scroll of enchant weapon
 r - a scroll of fog {unknown}
 v - a scroll of silence {unknown}
 w - 2 scrolls of noise {unknown}
 z - a scroll of immolation {unknown}
 A - a scroll of fear {unknown}
 B - a scroll of torment {unknown}
 D - 2 scrolls of amnesia {unknown}
 G - a scroll of teleportation {unknown}
Potions
 d - 2 potions of curing
 e - 3 potions of heal wounds
 g - 3 potions of cancellation
 l - a potion of magic {unknown}
 m - a potion of brilliance {unknown}
 n - a potion of attraction {unknown}
 o - a potion of berserk rage {unknown}
 p - a potion of degeneration {unknown}
 s - 2 potions of haste {unknown}
 x - a potion of mutation {unknown}
 C - a potion of resistance {unknown}
 H - a potion of lignification {unknown}
 I - a potion of might {unknown}


   Skills:
 + Level 4.3 Fighting
 + Level 3.3 Throwing
 + Level 3.0 Armour
 + Level 4.4 Dodging
 + Level 2.8 Stealth
 + Level 5.2 Unarmed Combat
 + Level 2.6 Evocations


You had 7 spell levels left.
You didn't know any spells.
Your spell library contained the following spells:

 Spells                   Type           Power      Damage    Failure   Level
 Ensorcelled Hibernation  Hex/Ice        0%         N/A       58%         2
 Passwall                 Tmut/Erth      0%         N/A       58%         2
 Swiftness                Air            0%         N/A       83%         3


Dungeon Overview and Level Annotations

Branches:
Dungeon (7/15)             Temple (1/1) D:5

Altars:
Ashenzari
Cheibriados
Dithmenos
Elyvilon
Fedhas
Gozag
Hepliaklqana
Makhleb
Nemelex Xobeh
Okawaru
Qazlal
Ru
Sif Muna
Trog
Uskayaw
Vehumet
Wu Jian
Yredelemnul
Zin
The Shining One

Shops:
D:3 (

Annotations:
D:6 2 transporters, SkeletonJelly's ghost, novice DsFi


Innate Abilities, Weirdness & Mutations

You are too large for most types of armour.
You have claws for hands.
Your natural rate of healing is unusually fast.
You are covered in fur. (AC +1)
You have tough skin. (AC +1)


Message History

The hornet closely misses you. The hornet completely misses you.
You scratch the hornet. Your claw misses the hornet.
The hornet is moderately wounded.
The hornet barely misses you. The hornet stings you!
You are poisoned.
You suddenly lose the ability to move!
You feel very sick. The hornet stings you!
* * * LOW HITPOINT WARNING * * *
You are more poisoned.
You shrug off the repeated paralysis!
You can move again.
You bump into the rock wall.
You feel extremely sick. The hornet closely misses you. The hornet stings you.
* * * LOW HITPOINT WARNING * * *
You feel as though you will be slow longer.
You bump into the rock wall.
You feel less invigorated.
You feel less confused.
You feel very sick.
The hornet stings you but does no damage.
The hornet completely misses you. The hornet stings you!
* * * LOW HITPOINT WARNING * * *
You shrug off the repeated paralysis!
You feel better. The hornet stings you.
* * * LOW HITPOINT WARNING * * *
You feel as though you will be slow longer.
The hornet barely misses you.
Unknown command.
It was a potion of flight.
You feel very buoyant.
You fly up into the air.
The hornet stings you!
* * * LOW HITPOINT WARNING * * *
You are poisoned.
You feel as though you will be slow longer.
The hornet stings you!
* * * LOW HITPOINT WARNING * * *
You are more poisoned.
You suddenly lose the ability to move!
You die...

#.# ##'## #.#
##...## #.###
##.....# ##.#.##
##.......
#.....####........
#........+........
#.#...####........
#.##.## ##.......
#@#### ##.....#
##y## ##...#.
#.>.# ##'##. ##.##
#########.##. #†#
#..<......##. #.#
#(######..##. #.#
#.# ##...#. #.#
#.# ###...... #.#
#.# #........


You could see a hornet.

Vanquished Creatures
  Sigmund (D:3)
  2 water moccasins (D:6)
  An ice beast (D:6)
  A black bear (D:6)
  2 ogres (D:5)
  2 phantoms
  5 scorpions
  2 howler monkeys (D:6)
  A gnoll bouda (D:5)
  2 hounds
  A jelly (D:4)
  3 iguanas
  Terence (D:2)
  9 gnolls
  4 adders
  2 white imps (D:6)
  2 ufetubi
  3 worms
  3 dart slugs
  An orc (D:5)
  3 endoplasms
  5 goblins
  8 hobgoblins
  16 jackals
  11 kobolds
  3 quokkas
  4 ball pythons
  5 bats
  3 rats
106 creatures vanquished.

Vanquished Creatures (others)
  20 plants (D:1)
20 creatures vanquished.

Grand Total: 126 creatures vanquished

Notes
Turn   | Place    | Note
-------+----------+-------------------------------------------
     0 | D:1      | mathmaestro the Troll Monk began the quest for the Orb.
     0 | D:1      | Reached XP level 1. HP: 22/22 MP: 0/0
    52 | D:1      | Reached XP level 2. HP: 29/29 MP: 1/1
   128 | D:1      | Found a faded altar of an unknown god.
   544 | D:2      | Identified the +0 robe of Defence {rC++ rCorr MP-9 Str+4}
   568 | D:2      | Noticed Terence
   578 | D:2      | Killed Terence
   579 | D:2      | Reached XP level 3. HP: 22/36 MP: 0/2
   788 | D:2      | Reached XP level 4. HP: 44/44 MP: 0/3
  1810 | D:3      | Noticed Sigmund
  1826 | D:3      | Killed Sigmund
  1827 | D:3      | Reached skill level 1 in Throwing
  1827 | D:3      | Reached skill level 1 in Armour
  1827 | D:3      | Reached XP level 5. HP: 46/53 MP: 0/4
  1827 | D:3      | Reached XP level 6. HP: 53/61 MP: 0/5
  1875 | D:3      | Reached skill level 1 in Evocations
  2086 | D:3      | Found Hanog's Weapon Emporium.
  2267 | D:4      | Identified 2 scrolls of acquirement
  2268 | D:4      | Acquired a scarf of resistance
  2275 | D:4      | Acquired 740 gold pieces
  2340 | D:4      | Reached skill level 4 in Unarmed Combat
  2515 | D:4      | Paralysed by a hobgoblin for 2 turns
  2901 | D:5      | Entered Level 5 of the Dungeon
  2915 | D:5      | Reached XP level 7. HP: 62/67 MP: 6/6
  3166 | D:5      | Found a staircase to the Ecumenical Temple.
  3174 | Temple   | Entered the Ecumenical Temple
  3663 | D:5      | Found a hazy altar of Hepliaklqana.
  3942 | D:6      | Reached XP level 8. HP: 78/78 MP: 7/7
  4112 | D:6      | Noticed a two-headed ogre
  4114 | D:6      | Noticed SkeletonJelly's ghost (novice DsFi)
  4117 | D:6      | Found a transporter.
  4590 | D:6      | Found a transporter.
  4703 | D:6      | Reached skill level 5 in Unarmed Combat
  4743 | D:7      | Noticed a hornet
  4781 | D:6      | Paralysed by a hornet for 1 turns
  4801 | D:6      | Paralysed by a hornet for 2 turns
  4806 | D:6      | HP: 2/79 [hornet (10)]
  4806 | D:6      | Paralysed by a hornet for 2 turns
  4807 | D:6      | Succumbed to a hornet's poison

Illustrated notes

Levels and vault maps discovered:
D:1:      roderic_crop_circles_arrival_small, layout_rooms,
          ebering_ecumenical_altar_webs
D:2:      layout_basic, uniq_terence
D:3:      layout_rooms, serial_shops, nicolae_shop_trees, uniq_sigmund
D:4:      layout_loops_ring, kennysheep_generic_room_13
D:5:      layout_loops_ring, lemuel_coloured_pillars_altar,
          minmay_temple_entry_glassed_door
D:6:      layout_loops_corners, gammafunk_ghost_arena
D:7:      layout_rooms, uniq_maggie
Temple:   hellmonk_temple_of_storms

Skill      XL: |  1  2  3  4  5  6  7  8 |
---------------+-------------------------+-----
Dodging        | 3 4 |  4.4
Fighting       | 3 4 |  4.3
Throwing       | 1 2 3 |  3.3
Armour         | 1 2 3 |  3.0
Evocations     | 1 2 |  2.6
Unarmed Combat | 4 5 |  5.2
Stealth        | 2 |  2.8

Action                   |  1- 3 |  4- 6 |  7- 9 || total
-------------------------+-------+-------+-------++-------
Melee: Unarmed           |    93 |   128 |   118 ||   339
       Punch             |     2 |     2 |     2 ||     6
Evoke: Wand              |       |       |     3 ||     3
  Use: Scroll            |       |     9 |       ||     9
       Potion            |       |       |     5 ||     5
 Stab: Sleeping          |     1 |     6 |     3 ||    10
Armor: Robe              |    22 |    31 |    33 ||    86
Dodge: Dodged            |    45 |    55 |   114 ||   214

Table legend: (Time is in decaauts)
 A = Elapsed time spent in this place.
 B = Non-inter-level travel time spent in this place.
 C = Inter-level travel time spent in this place.
 D = Time resting spent in this place.
 E = Time spent auto-exploring this place.
 F = Levels seen in this place.
 G = Mean time per level.
                   A        B        C        D        E       F      G
               +--------+--------+--------+--------+--------+-----+--------+
         Total |   4791 |   4591 |    200 |     84 |   3617 |   8 |  598.9 |
       Dungeon |   4752 |   4559 |    193 |     84 |   3599 |   7 |  678.9 |
        Temple |     39 |     32 |      7 |      0 |     18 |   1 |   39.0 |
               +--------+--------+--------+--------+--------+-----+--------+

Top non-repeatable levels by time:
     D:2: 1128 daAuts
     D:6: 966 daAuts
     D:5: 841 daAuts
     D:4: 799 daAuts
     D:1: 517 daAuts
     D:3: 478 daAuts
  Temple: 39 daAuts
     D:7: 20 daAuts
